 Dungeon Crawl Stone Soup version 0.30-a0-862-g1aabd4f9c5 (webtiles) character file.

Game seed: 10808362893377870422

58 Racksonjoss101 the Firebug (level 3, 0/19 HPs)
             Began as a Deep Elf Fire Elementalist on Mar 9, 2023.
             Slain by a bullfrog (6 damage)
             ... on level 4 of the Dungeon.
             The game lasted 00:12:49 (2168 turns).

Racksonjoss101 the Firebug (DEFE)                   Turns: 2168, Time: 00:12:50

Health: 0/19       AC:  5    Str:  5    XL:     3   Next: 75%
Magic:  8/10       EV: 13    Int: 21    God:
Gold:   78         SH:  0    Dex: 15    Spells: 8/9 levels left

rFire   . . .      SeeInvis .    j - staff of death
rCold   . . .      Faith    .    (no shield)
rNeg    + . .      Spirit   .    a - +2 robe
rPois   .          Reflect  .    p - +0 helmet
rElec   .          Rampage  .    (no cloak)
rCorr   .                        (no gloves)
Will    .....                    (no boots)
Stlth   ++                       (no amulet)
HPRegen 0.23/turn                v - ring of wizardry
MPRegen 0.12/turn                (no ring)

@: no status effects
A: no striking features
a: no special abilities


You were on level 4 of the Dungeon.
You visited 1 branch of the dungeon, and saw 4 of its levels.

You collected 78 gold pieces.

Inventory:

Hand Weapons
 d - a +0 club
 f - a +0 short sword
 m - a +0 dagger
 n - a +0 heavy mace
 s - a +0 vampiric short sword
 x - a +0 dagger
 y - a +0 morningstar
 A - a +0 falchion
Missiles
 g - 12 stones
 t - 4 large rocks
Armour
 a - a +2 robe (worn)
 c - a +0 robe
 o - a +0 robe
 p - a +0 helmet (worn)
 w - the +3 scale mail "Feirygat" {-Tele rPois Int-5 Dex+9}
   (You found it on level 2 of the Dungeon)

   Int:       It affects your intelligence (-5).
   Dex:       It affects your dexterity (+9).
   rPois:     It protects you from poison.
   -Tele:     It prevents most forms of teleportation.
 B - a +0 robe
 C - a +4 scale mail
Magical Staves
 j - a staff of death (weapon)
Jewellery
 v - a ring of wizardry (left hand)
Scrolls
 u - 2 scrolls of identify
 E - a scroll of noise
Potions
 b - a potion of magic
 e - a potion of heal wounds {unknown}
 h - a potion of mutation {unknown}
 i - a potion of attraction {unknown}
 l - a potion of brilliance {unknown}
 q - a potion of ambrosia {unknown}
 r - a potion of berserk rage {unknown}
 z - a potion of resistance {unknown}
 D - a potion of might {unknown}


   Skills:
 + Level 2.8 Dodging
 + Level 3.0 Stealth
 + Level 3.8 Spellcasting
 + Level 1.5 Conjurations
 + Level 4.1 Fire Magic


You had 8 spell levels left.
You knew the following spells:

 Your Spells              Type           Power      Damage    Failure   Level
a - Foxfire               Conj/Fire      64%        2x1d7     1%          1

Your spell library contained the following spells:

 Spells                   Type           Power      Damage    Failure   Level
 Scorch                   Fire           42%        2d7       1%          2
 Inner Flame              Hex/Fire       12%        N/A       6%          3
 Kindle Blastsparks       Fire/Tloc/Air  18%        2d11      9%          3
 Flame Wave               Conj/Fire      16%        2d7       16%         4


Dungeon Overview and Level Annotations

Branches:
Dungeon (4/15)             Temple (0/1) D:4

Altars:

Shops:
D:4 =:


Message History

There is an entrance to Jumity's Book Shoppe here.
Casting: Foxfire (safe; 1% risk of failure)
Confirm with . or Enter, or press ? or * to list all spells.
You conjure some foxfire!
The endoplasm quivers. x2; The endoplasm jiggles.
The foxfire hits the endoplasm.
The endoplasm is heavily wounded.
The foxfire hits the endoplasm.
You kill the endoplasm!
Casting: Foxfire (safe; 1% risk of failure)
Confirm with . or Enter, or press ? or * to list all spells.
You conjure some foxfire!
The foxfire hits the endoplasm!
You kill the endoplasm!
Your foxfire dissipates!
k - a scroll of enchant armour
There are no items here.
There is an entrance to Jumity's Book Shoppe here.
As you read the scroll of enchant armour, it crumbles to dust.
Your +1 robe glows green for a moment.
There is an abandoned shop here.
There are no items here.
A bullfrog comes into view.
The bullfrog croaks.
The bullfrog completely misses you.
Casting: Foxfire (safe; 1% risk of failure)
Confirm with . or Enter, or press ? or * to list all spells.
You conjure some foxfire!
The bullfrog closely misses you.
The foxfire hits the bullfrog!
The bullfrog is moderately wounded.
The bullfrog hits you! The bullfrog hits you.
Your foxfire dissipates!
The bullfrog attacks as you move away! The bullfrog hits you.
Casting: Foxfire (safe; 1% risk of failure)
Confirm with . or Enter, or press ? or * to list all spells.
You don't know that spell.
Casting: Foxfire (safe; 1% risk of failure)
Confirm with . or Enter, or press ? or * to list all spells.
You conjure some foxfire!
The bullfrog hits you.
You die...

#########
#.......#
########.#####.#
.......#.# #.#
#........#
#.####
#.######.#
#.F@v# #.# ###
#.##v# ..#
...##.# ###
######.# #.. ##.
### .# ..# .#
###


You could see a bullfrog (ally target).

Vanquished Creatures
  3 adders
  A worm (D:2)
  3 ball pythons
  4 endoplasms
  2 giant cockroaches
  A goblin (D:1)
  3 hobgoblins (D:1)
  A kobold (D:1)
  6 bats
  A frilled lizard (D:1)
  4 rats
29 creatures vanquished.

Vanquished Creatures (others)
  69 foxfires
  A plant (D:2)
70 creatures vanquished.

Grand Total: 99 creatures vanquished

Notes
Turn   | Place    | Note
-------+----------+-------------------------------------------
     0 | D:1      | Racksonjoss101 the Deep Elf Fire Elementalist began the
                  | quest for the Orb.
     0 | D:1      | Reached XP level 1. HP: 10/10 MP: 6/6
   380 | D:1      | Reached XP level 2. HP: 15/15 MP: 6/8
  1243 | D:2      | Identified the +3 scale mail "Feirygat" {-Tele rPois Int-5
                  | Dex+9}
  1415 | D:2      | Reached skill level 4 in Fire Magic
  1723 | D:2      | Reached XP level 3. HP: 5/19 MP: 6/10
  2000 | D:4      | Found Qosulucu's Jewellery Emporium.
  2000 | D:4      | Found a staircase to the Ecumenical Temple.
  2074 | D:4      | Found Jumity's Book Shoppe.
  2163 | D:4      | Noticed a bullfrog
  2168 | D:4      | Slain by a bullfrog

Illustrated notes

Levels and vault maps discovered:
D:1:      saegor_arrival_simple_b, layout_basic
D:2:      minmay_general_purpose_star, layout_loops_ring, serial_bayou_pond_d,
          kennysheep_generic_room_15
D:3:      minmay_bubble_buster, layout_rooms
D:4:      layout_loops_ring, riverfiend_overflow_shadow_ancestor,
          temple_fountains, serial_shops, shop, nicolae_shop_hallway_plus,
          nicolae_shop_trees, nicolae_square_shop, abandoned_shop

Skill      XL: |  1  2  3 |
---------------+----------+-----
Fire Magic     | 4 |  4.1
Stealth        | 3 |  3.0
Dodging        | |  2.8
Spellcasting   | |  3.8
Conjurations   | |  1.5

Action                     || total
---------------------------++-------
  Melee: Short sword       ||     6
         Staff             ||     3
   Cast: Foxfire           ||    53
    Use: Scroll            ||     9
         Potion            ||     2
 Armour: Robe              ||     6
         Skin              ||     2
  Dodge: Dodged            ||    31

Table legend: (Time is in decaauts)
 A = Elapsed time spent in this place.
 B = Non-inter-level travel time spent in this place.
 C = Inter-level travel time spent in this place.
 D = Time resting spent in this place.
 E = Time spent auto-exploring this place.
 F = Levels seen in this place.
 G = Mean time per level.
                   A        B        C        D        E       F      G
               +--------+--------+--------+--------+--------+-----+--------+
         Total |   2169 |   2021 |    148 |     64 |      0 |   4 |  542.2 |
       Dungeon |   2169 |   2021 |    148 |     64 |      0 |   4 |  542.2 |
               +--------+--------+--------+--------+--------+-----+--------+

Top non-repeatable levels by time:
     D:1: 1043 daAuts
     D:2: 877 daAuts
     D:4: 167 daAuts
     D:3: 80 daAuts
